[Event "*** Titled Tuesday Blitz"]
[Site "Chess.com"]
[Date "2019.08.06"]
[Round "7"]
[White "Irochka83"]
[Black "IMDT02"]
[Result "1-0"]
[WhiteElo "2348"]
[BlackElo "2523"]
[TimeControl "180+2"]
[EndTime "14:37:45 PDT"]
[Termination "Irochka83 won by resignation"]

1. d4 f5 2. g3 Nf6 3. Bg2 e6 4.
c4 d5 5. Nd2 c6 6. Nh3 Bd6 7. O-O O-O 8. b3 Nbd7 9. Nf3 Qe7 10. Bf4 Ne4 11. Bxd6 Qxd6 12. Nf4 b6 13. Rc1 Bb7 14. Nd3 a5 15. e3 a4 16. b4 dxc4 17. Rxc4 Ba6 18. Rc1 c5 19. bxc5 bxc5 20. Re1 c4 21.
Nde5 Nb6 22. Nd2 Rac8 23. Nxe4 fxe4 24. Bxe4 Qe7 25. Qc2 g6 26. Rb1 Nd5 27. Rec1 c3 28. Qxa4 Be2 29. Qc2 Ba6 30. Qb3 Qf6 31. Rc2 Rb8 32.
Qxb8 Rxb8 33. Rxb8+ Kg7 34. Bxd5 exd5 35. Rxc3 Qf5 36.
Rc7+ Kh6 37. Rb6 Be2 38. Rbb7 g5 39. Rxh7+ Qxh7 40. Rxh7+ Kxh7 41. f4 g4 42. Kf2 1-0

[Event "*** Titled Tuesday Blitz"]
[Site "Chess.com"]
[Date "2019.08.06"]
[Round "7"]
[White "twitchTriniCupid"]
[Black "JMatias"]
[Result "1-0"]
[WhiteElo "2309"]
[BlackElo "2442"]
[TimeControl "180+2"]
[EndTime "14:37:45 PDT"]
[Termination "twitchTriniCupid won by resignation"]

1. d4 d6 2. Nf3 g6 3. g3 Bg7 4.
Bg2 e5 5. O-O Nc6 6. c3 Nf6 7. Bg5 h6 8. Bxf6 Bxf6 9. e4 O-O 10. h3 Re8 11. Re1 Bd7 12. Na3 Qe7 13. d5 Nb8 14. Nc4 b6 15. a4 a5 16. Na3 Na6 17.
Nb5 Rf8 18. Rc1 Bg7 19. Nh4 Kh7 20. Qd3 f5 21. exf5 gxf5 22. Qe2 Bf6 23. Nf3 Qg7 24. b4 Rg8 25. Nh2 e4 26. Qc4 Be8 27. bxa5 bxa5 28.
Nd4 Nc5 29. Nxf5 Qg5 30. Ne3 Nd3 31. Bxe4+ Bg6 32. Bxd3 Bxd3 33. Qxd3+ Kh8 34. Nf3 Qg7 35. Kg2 Rab8 36. Nf5 Qg6 37. Rb1 Rbf8 38. Re3 h5 39.
N3h4 Bxh4 40. Nxh4 Qg5 41. Nf3 Qf6 42. Qd4 Qxd4 43.
Nxd4 Rg5 44. c4 Rf7 45. Ne6 Rgf5 46. f4 Kh7 47. Kf3 R5f6 48. g4 hxg4+ 49. hxg4 Kg6 50. f5+ Kh7 51. Rh1+ Kg8 52. Kf4 1-0

[Event "*** Titled Tuesday Blitz"]
[Site "Chess.com"]
[Date "2019.08.06"]
[Round "7"]
[White "gena217"]
[Black "Chopper1905"]
[Result "1-0"]
[WhiteElo "2929"]
[BlackElo "2823"]
[TimeControl "180+2"]
[EndTime "14:37:46 PDT"]
[Termination "gena217 won by resignation"]

1. e4 e5 2. Nf3 Nc6 3. Bc4 Bc5 4. c3 Nf6 5. d3 a6 6. O-O Ba7 7. a4 d6 8. Nbd2 h6 9. Re1 Ne7 10. Nf1 Ng6 11. Ng3 O-O 12. d4 Bg4 13. Be2 Re8 14. h3 Bd7 15. Bf1 Qc8 16. Be3 Nf4 17.
Qd2 g5 18. a5 Kg7 19. Rad1 Ba4 20. Ra1 Bd7 21. Rad1 Kg6 22. b4 Re7 23. c4 h5 24. h4 g4 25. Ng5 Ne6 26. c5 exd4 27. Bxd4 Nxd4 28. Qxd4 Re5 29. Bc4 Be6 30. Bxe6 fxe6 31.
Qc3 Qf8 32. Qc2 dxc5 33. Nxe6 Qf7 34. Nf4+ Kh6 35. Nd3 Rae8 36. bxc5 R5e6 37. Nf5+ Kh7 38. e5 Nd5 39. Nd4 Rg6 40. e6 Qf6 41. Ne5 g3 42.
fxg3 Nb4 43. Qc4 Rxg3 44. Qxb4 Rxg2+ 45. Kxg2 Rg8+ 46. Kh3 Qf2 47. Qb1+ Kh6 48. Nf7+ Kg7 49. Rg1+ 1-0

[Event "*** Titled Tuesday Blitz"]
[Site "Chess.com"]
[Date "2019.08.06"]
[Round "7"]
[White "NMZanette"]
[Black "ChessyInstinct"]
[Result "1-0"]
[WhiteElo "2326"]
[BlackElo "2363"]
[TimeControl "180+2"]
[EndTime "14:37:47 PDT"]
[Termination "NMZanette won by checkmate"]

1. e4 d5 2. exd5 Qxd5 3. Nc3 Qd6 4. d4 c6 5. h3 Nf6 6. Nf3 Bf5 7. Bc4 e6 8. Bb3 Nbd7 9. g4 Bg6 10. Nh4 Qc7 11.
Nxg6 hxg6 12. Qf3 Bd6 13. Be3 Nd5 14. Nxd5 cxd5 15. O-O-O a5 16. Ba4 Rc8 17. c3 Rf8 18. Kb1 b5 19. Bxb5 Rb8 20. Bxd7+ Kxd7 21. Bc1 a4 22.
Ka1 f6 23. Qd3 f5 24. Rhe1 a3 25. b3 fxg4 26. Bd2 Rxf2 27. hxg4 Rbf8 28. Qe3 Qc6 29. Qxe6+ Kc7 30. Re2 R2f6 31. Qe3 Rf3 32. Qg5 Qb5 33. Rde1 Rf1 34. Qe3 R8f3 35. Qe6 Rxe1+ 36. Rxe1 Qd3 37. Qxd5 Qxd2 38. Qa5+ Kd7 39. Qa7+ Bc7 40.
Qa4+ Kd8 41. Qa8+ Kd7 42. Qe8+ Kd6 43. Qe6# 1-0

[Event "*** Titled Tuesday Blitz"]
[Site "Chess.com"]
[Date "2019.08.06"]
[Round "7"]
[White "Lion_DL"]
[Black "Spring199"]
[Result "0-1"]
[WhiteElo "2335"]
[BlackElo "2229"]
[TimeControl "180+2"]
[EndTime "14:37:52 PDT"]
[Termination "Spring199 won by checkmate"]

1. e4 e5 2. f4 d5 3. exd5 exf4 4. Nf3 Nf6 5. Bc4 Nxd5 6. O-O Be7 7. Bxd5 Qxd5 8. Nc3 Qd8 9. d4 O-O 10. Bxf4 Bg4 11.
Qd3 Nc6 12. Ne2 Qd5 13. c4 Qa5 14. d5 Rad8 15. Ng5 Bxg5 16. Bxg5 Ne5 17. Qe4 Rde8 18. Kh1 f5 19. Qc2 Nf7 20. Ng3 Nxg5 21. h3 f4 22.
Ne4 Bf5 23. Qc3 Qxc3 24. Nxc3 Bd3 25. Rfd1 Bxc4 26. Rd4 Bb5 27. Nxb5 Rf7 28. Rc1 f3 29. Nxc7 Re2 30. g3 f2 31. Rf1 Ne4 32. Kg2 Nd2 33.
d6 Nxf1 34. d7 Ne3+ 35. Kh2 f1=Q# 0-1

[Event "*** Titled Tuesday Blitz"]
[Site "Chess.com"]
[Date "2019.08.06"]
[Round "7"]
[White "Saitama_Hero"]
[Black "underdogchss"]
[Result "1-0"]
[WhiteElo "2336"]
[BlackElo "2523"]
[TimeControl "180+2"]
[EndTime "14:37:53 PDT"]
[Termination "Saitama_Hero won on time"]

1. d4 Nf6 2. c4 c5 3. d5 g6 4. Nc3 d6 5. e4 Bg7 6. f4 O-O 7. Nf3 e6 8. dxe6 Bxe6 9. Bd3 Nc6 10. f5 Bd7 11. O-O Nd4 12. Bf4 Bc6 13. Nxd4 cxd4 14. Nd5 Bxd5 15. exd5 Qb6 16. Rb1 a5 17. h4 Rae8 18. g4 Re3 19. g5 Nh5 20. f6 Nxf4 21. Rxf4 Bh8 22. Qc2 Rfe8 23. Kg2 Qc7 24. Rxd4 Qc8 25.
Rh1 R8e5 26. Qf2 Qc5 27. Qf4 Rxd3 28. Rxd3 Re2+ 29. Kh3 Rf2 30. Qe3 Qc8+ 31. Kg3 Rf5 32. Re1 Re5 33. Qf2 Qe8 34. Rde3 Bxf6 35. gxf6 h6 36.
Rxe5 dxe5 37. c5 Qb8 38. d6 Qe8 39. Qd2 Qa4 40. Qxh6 1-0

[Event "*** Titled Tuesday Blitz"]
[Site "Chess.com"]
[Date "2019.08.06"]
[Round "7"]
[White "ama18"]
[Black "tigra"]
[Result "1-0"]
[WhiteElo "2475"]
[BlackElo "2759"]
[TimeControl "180+2"]
[EndTime "14:38:00 PDT"]
[Termination "ama18 won by resignation"]

1. d4 Nf6 2. c4 g6 3. Nf3 Bg7 4. g3 O-O 5. Bg2 d5 6. cxd5 Nxd5 7. O-O Nb6 8. e4 Bg4 9. d5 c6 10. h3 Bxf3 11. Bxf3 cxd5 12. exd5 Na6 13. Nc3 Nc5 14. Be3 Rc8 15. Bd4 Bf6 16. Bxf6 exf6 17. Be2 f5 18. Qd4 Re8 19. Bf3 Ne6 20. Qd1 Ng5 21. h4 Nxf3+ 22. Qxf3 Nc4 23. Rad1 Nxb2 24. Rb1 Nc4 25. Rfd1 Ne5 26. Qe3 f4 27. gxf4 Nc4 28. Qg3 Nd6 29.
Nb5 Ne4 30. Qg2 a6 31. d6 axb5 32. d7 Nc3 33. dxe8=Q+ Qxe8 34. Re1 Qd8 35. Rb2 Qxh4 36. Qg3 Qf6 37. Rd2 h5 38. Qg5 Qb6 39. f5 Qc5 40. Rd8+ Rxd8 41. Qxd8+ Kg7 42. fxg6 Kxg6 43. Qg8+ Kf6 44.
Qh8+ Kg6 45. Re3 h4 46. Qxh4 f6 47. Qg3+ 1-0

[Event "*** Titled Tuesday Blitz"]
[Site "Chess.com"]
[Date "2019.08.06"]
[Round "7"]
[White "Vadim_Biliy"]
[Black "payto1"]
[Result "0-1"]
[WhiteElo "2207"]
[BlackElo "2351"]
[TimeControl "180+2"]
[EndTime "14:38:01 PDT"]
[Termination "payto1 won by resignation"]

1. e4 c5 2. Nf3 d6 3. d4 cxd4 4. Nxd4 Nf6 5. Nc3 a6 6. g3 e5 7. Nde2 Be7 8. Bg2 O-O 9. O-O b5 10. a3 Bb7 11. h3 Nbd7 12. g4 Nb6 13. Ng3 g6 14. Qe2 Rc8 15. Bh6 Re8 16. Rad1 Nc4 17.
Bc1 Qb6 18. g5 Nd7 19. Nd5 Bxd5 20. Rxd5 Qc6 21. c3 Ncb6 22. Rdd1 Qc4 23. Qg4 Qe6 24. Qxe6 fxe6 25. h4 Nc5 26. Bh3 Bf8 27. f3 Nb3 28.
h5 Nc4 29. Rf2 Kg7 30. Kg2 Rc7 31. Bg4 Be7 32. hxg6 hxg6 33. Bxe6 Nxc1 34. Bxc4 bxc4 35. Rxc1 Bxg5 36. Rh1 Rb7 37. Nf1 Reb8 38. Nh2 Rxb2 39. Rf1 Be3 40. Rxb2 Rxb2+ 41. Kh3 Rb3 42. Ng4 Bc5 43.
Rc1 Bxa3 44. Rc2 Bc5 45. Kg3 a5 46. Ra2 Ra3 47. Rc2 a4 48. Nh2 Rb3 49. Nf1 a3 50. Nd2 Rb2 51. Rxb2 axb2 52. Kg2 Be3 53. Nb1 Kf6 54. Kf1 Kg5 55. Ke2 Kf4 56. Na3 Bc5 57.
Nb1 g5 58. Nd2 Be3 59. Nb1 Bc1 60. Na3 Kg3 61. Nb1 g4 62. fxg4 Kxg4 63. Kd1 Kf4 64. Kc2 Kxe4 65. Na3 d5 66. Nb5 d4 67. Nd6+ Kd5 68. Nb5 d3+ 69. Kb1 d2 70. Nc7+ Kc6 0-1

[Event "*** Titled Tuesday Blitz"]
[Site "Chess.com"]
[Date "2019.08.06"]
[Round "7"]
[White "Jospem"]
[Black "Vuk2000"]
[Result "0-1"]
[WhiteElo "2903"]
[BlackElo "2751"]
[TimeControl "180+2"]
[EndTime "14:38:03 PDT"]
[Termination "Vuk2000 won by resignation"]

1. a3 d5 2. Nf3 Nf6 3. d3 e6 4. g3 c5 5. Bg2 Be7 6. O-O O-O 7.
Nbd2 Nc6 8. e4 b5 9. Re1 a5 10. exd5 exd5 11. c4 bxc4 12. dxc4 Be6 13. Ng5 Bg4 14. Qa4 Nd4 15. cxd5 Nxd5 16. Ngf3 Nb6 17. Qd1 Rc8 18. h3 Bh5 19. Re5 Bg6 20. Nxd4 cxd4 21.
Be4 Bf6 22. Rb5 Qe8 23. Rxb6 Bxe4 24. Nxe4 Qxe4 25. Rb3 Rfe8 26. Rd3 Qe2 27. Qxe2 Rxe2 28. Bd2 a4 29. Kf1 Re6 30. b3 axb3 31. Rxb3 h5 32. Rd1 Rc2 33. a4 Ra2 34. a5 Rc6 35. Rb5 g6 36. Ke2 d3+ 37. Kf3 Bd4 38. Be3 Bxe3 39. fxe3 Rf6+ 40. Ke4 Re6+ 41. Kxd3 Rd6+ 42. Kc3 Rxd1 43. Kb3 Rb1+ 44. Kc4 Rc2+ 45. Kd3 Rxb5 46. Kxc2 Rxa5 0-1

[Event "*** Titled Tuesday Blitz"]
[Site "Chess.com"]
[Date "2019.08.06"]
[Round "7"]
[White "Everyfishknows"]
[Black "IakovUlivar"]
[Result "0-1"]
[WhiteElo "2399"]
[BlackElo "2523"]
[TimeControl "180+2"]
[EndTime "14:38:03 PDT"]
[Termination "IakovUlivar won on time"]

1. Nf3 Nf6 2. c4 e6 3. g3 d5 4. Bg2 dxc4 5. Qa4+ Bd7 6. Qxc4 c5 7. Ne5 Qc8 8. O-O Nc6 9. Nxd7 Qxd7 10. b3 Be7 11.
Bb2 O-O 12. d3 Rac8 13. Nd2 Rfd8 14. Rac1 b6 15. Nf3 Nd5 16. a3 Bf6 17. Bxf6 Nxf6 18.
Rfd1 Nd4 19. Nxd4 cxd4 20. Qb4 Rc7 21. a4 Rdc8 22. Rc4 Rxc4 23. dxc4 e5 24. a5 Qc7 25. axb6 axb6 26. Ra1 Qc5 27. Qxc5 bxc5 28. Ra7 Kf8 29. Kf1 Rb8 30. Ra3 e4 31. Ke1 Ke7 32. h3 Ke6 33. Kd2 Ke5 34. Kc2 Nd7 35. Ra7 Rd8 36.
Kd2 f5 37. f4+ Ke6 38. Ra6+ Ke7 39. h4 Rb8 40. Kc2 g6 41. h5 gxh5 42. Rh6 Nf6 43. Bh3 Ke6 44. Bg2 Rg8 0-1

[Event "*** Titled Tuesday Blitz"]
[Site "Chess.com"]
[Date "2019.08.06"]
[Round "7"]
[White "Konavets"]
[Black "VladDobrov"]
[Result "1/2-1/2"]
[WhiteElo "2995"]
[BlackElo "2952"]
[TimeControl "180+2"]
[EndTime "14:38:04 PDT"]
[Termination "Game drawn by repetition"]

1. e4 c5 2. Nf3 Nc6 3. Nc3 e6 4. d4 cxd4 5. Nxd4 d6 6. Be3 Nge7 7. f4 a6 8. Nb3 b5 9. a3 Bb7 10. Qh5 g6 11. Qh3 Bg7 12. Bd3 O-O 13. O-O f5 14. Rae1 Qc7 15. Bf2 Rae8 16. exf5 Nxf5 17. Ne4 Bxb2 18.
Ng5 Nd8 19. g4 h6 20. Ne4 Bg7 21. gxf5 exf5 22. Ng3 Ne6 23. Be3 Ba8 24. Rf2 Nc5 25.
Nxc5 dxc5 26. Bf1 c4 27. Bg2 Bxg2 28. Qxg2 Kh7 29. Rfe2 Re6 30. Bc1 Qb6+ 31. Kh1 Rfe8 32. Rxe6 Rxe6 33. Rxe6 Qxe6 34. Qe2 Qd5+ 35. Kg1 a5 36.
Nf1 b4 37. axb4 axb4 38. Ne3 Bd4 39. Qg2 Bxe3+ 40. Bxe3 Qd1+ 41. Qf1 Qxc2 42. Qa1 Qe4 43. Qa7+ Kg8 44. h3 c3 45. Bd4 Qe1+ 46. Kg2 Qe2+ 47. Kg3 Qe1+ 48. Kg2 Qe2+ 49. Kg3 Qe1+ 50. Bf2 Qe4 51.
Bd4 Qe1+ 1/2-1/2

[Event "*** Titled Tuesday Blitz"]
[Site "Chess.com"]
[Date "2019.08.06"]
[Round "7"]
[White "Zubrrr"]
[Black "Oleg_Papayan"]
[Result "1-0"]
[WhiteElo "2717"]
[BlackElo "2510"]
[TimeControl "180+2"]
[EndTime "14:38:06 PDT"]
[Termination "Zubrrr won by resignation"]

1. d4 e6 2. c4 Nf6 3. g3 Be7 4. Bg2 O-O 5. e4 d6 6. Nc3 Nbd7 7. Be3 e5 8. h3 c6 9. Nf3 Qc7 10. O-O a6 11. Rc1 Re8 12. c5 dxc5 13. dxe5 Nxe5 14. Nxe5 Qxe5 15. f4 Qe6 16. e5 Nd5 17.
Nxd5 cxd5 18. Bxc5 Bxc5+ 19. Rxc5 Qb6 20. Qd4 Bf5 21. Rxd5 Qh6 22. g4 Be6 23. Rd6 Qh4 24. a3 b5 25. Qf2 Qe7 26. Bxa8 Rxa8 27. Rfd1 g6 28. Qg3 Qa7+ 29. Kh2 Qc7 30. f5 Bc4 31. Qh4 Rf8 32. Qg3 Re8 33. Re1 Qc5 34. b4 Qc8 35. Qf4 Bb3 36. Re2 Bc4 37. Red2 Qc7 38. Qh6 Qe7 39. Qf4 g5 40. Qe3 h6 41. Rxh6 Qxe5+ 42. Qxe5 Rxe5 43. Rxa6 Re3 44. Ra5 Bf1 45. Rf2 Bxh3 46.
Rxb5 Bxg4 47. f6 Rxa3 48. Rxg5+ 1-0

[Event "*** Titled Tuesday Blitz"]
[Site "Chess.com"]
[Date "2019.08.06"]
[Round "7"]
[White "SoCalJuniorChess"]
[Black "aleccable"]
[Result "0-1"]
[WhiteElo "1857"]
[BlackElo "2310"]
[TimeControl "180+2"]
[EndTime "14:38:06 PDT"]
[Termination "aleccable won by resignation"]

1. c4 b6 2. Nc3 Bb7 3. e4 c5 4.
g3 g6 5. Bg2 Bg7 6. Nge2 Nc6 7.
O-O e6 8. d3 Nge7 9. Rb1 O-O 10. a3 a5 11. Be3 Nd4 12. b4 axb4 13. axb4 Qc7 14. bxc5 bxc5 15. Nxd4 cxd4 16. Nb5 Qc5 17. Bxd4 Bxd4 18. Nxd4 Qxd4 19. Rxb7 Nc6 20. Qe2 Ra3 21.
Rd1 Rfa8 22. Qb2 Qxb2 23. Rxb2 Nd4 24. e5 Ra2 25. Rb7 R8a7 26. Rdb1 Rxb7 27. Rxb7 Ra1+ 28. Bf1 Nf3+ 29. Kg2 Nxe5 30. d4 Nc6 31. Rxd7 Rd1 32. d5 Ne5 33. Rd8+ Kg7 34. Be2 Rd2 35. Kf1 Rd4 36.
c5 Rxd5 37. Rxd5 exd5 38. f4 Nc6 39. Bb5 Na7 40. Bd7 Kf6 41. c6 Ke7 42. Ke2 f6 43. Kd3 Kd6 44. Kd4 Nxc6+ 45. Bxc6 Kxc6 46. g4 Kd6 47. h3 f5 48. Kd3 Kc5 49. Kc3 d4+ 50. Kd3 Kd5 51. Kd2 Ke4 52. gxf5 gxf5 0-1

[Event "*** Titled Tuesday Blitz"]
[Site "Chess.com"]
[Date "2019.08.06"]
[Round "7"]
[White "SaraciNderim"]
[Black "sergiochess83"]
[Result "1/2-1/2"]
[WhiteElo "2835"]
[BlackElo "2909"]
[TimeControl "180+2"]
[EndTime "14:38:08 PDT"]
[Termination "Game drawn by repetition"]

1. Nf3 d5 2. c4 d4 3. d3 Nc6 4. g3 e5 5. Bg2 Bb4+ 6. Nbd2 a5 7.
O-O Nf6 8. Rb1 O-O 9. a3 Bd6 10.
b4 axb4 11. axb4 Nxb4 12. Nb3 c5 13. Bd2 Nc6 14. Ng5 Bf5 15. e4 dxe3 16. Bxe3 Qe7 17. Qe2 h6 18. Ne4 Nxe4 19. Bxe4 Bxe4 20. dxe4 Nd4 21.
Qb2 Qe6 22. Nd2 Rfb8 23. Ra1 Rxa1 24. Rxa1 Be7 25. Ra7 Qc6 26. Qa2 Bg5 27. Ra8 Qc8 28. Rxb8 Qxb8 29. Qa5 Bxe3 30. fxe3 b6 31. Qa4 Ne6 32.
Nf3 Qb7 33. Qe8+ Kh7 34. Nxe5 Qxe4 35. Nxf7 Qxe3+ 36. Kf1 Qf3+ 37. Kg1 Qd1+ 38. Kf2 Qd4+ 39. Kg2 Qe4+ 40. Kf2 Qc2+ 41. Ke1 Qc3+ 42. Kf2 Qd2+ 43. Kf1 Qd1+ 44. Kf2 Qd4+ 45. Kg2 Qe4+ 46. Kf2 Qd4+ 1/2-1/2

[Event "*** Titled Tuesday Blitz"]
[Site "Chess.com"]
[Date "2019.08.06"]
[Round "7"]
[White "PotapovaM"]
[Black "SanchezKelvin"]
[Result "0-1"]
[WhiteElo "2457"]
[BlackElo "2449"]
[TimeControl "180+2"]
[EndTime "14:38:10 PDT"]
[Termination "SanchezKelvin won by checkmate"]

1. d4 Nf6 2. c4 e6 3. Nf3 c5 4. d5 exd5 5. cxd5 g6 6. Nc3 d6 7. Bf4 a6 8. a4 Bg7 9. h3 O-O 10. e3 Re8 11. Be2 Nbd7 12. Nd2 Ne5 13. O-O Nfd7 14.
Bh2 f5 15. e4 Nf6 16. f4 Nf7 17. Bd3 fxe4 18. Ndxe4 Nxe4 19. Nxe4 Bxb2 20. Kh1 Bf5 21. Ng3 Bxd3 22. Qxd3 Bxa1 23. Rxa1 Qf6 24. Rb1 Qd4 25. Qc2 Rab8 26. f5 Ne5 27. Rf1 Qd3 28. Qf2 Rf8 29. f6 Rf7 30. Ne2 Qxd5 31. Nf4 Qe4 32. Ne6 Nd3 33.
Qa2 Nb4 34. Qb3 Qd3 35. Qxd3 Nxd3 36. Bxd6 Re8 37. Nxc5 Nxc5 38. Bxc5 Rd7 39. Kh2 Kf7 40. Be7 b5 41. axb5 axb5 42. Rb1 Rb8 43. Rb4 Rbb7 44.
g4 Rdc7 45. g5 Rc4 46. Rb2 b4 47. Kg3 b3 48. Ba3 Rc2 49. Rb1 b2 50. h4 Rb3+ 51. Kg4 Rc4# 0-1

[Event "*** Titled Tuesday Blitz"]
[Site "Chess.com"]
[Date "2019.08.06"]
[Round "7"]
[White "Parhamov"]
[Black "GMHess"]
[Result "1-0"]
[WhiteElo "2962"]
[BlackElo "2795"]
[TimeControl "180+2"]
[EndTime "14:38:12 PDT"]
[Termination "Parhamov won by resignation"]

1. Nf3 g6 2. c4 Bg7 3. Nc3 c5 4.
g3 Nc6 5. Bg2 Nh6 6. h4 d6 7. h5 Bg4 8. d4 gxh5 9. d5 Na5 10. Qd3 Bf5 11. e4 Bg6 12. Nh4 Ng4 13.
f4 Bd4 14. Nd1 Qb6 15. Bd2 O-O-O 16. Rb1 Qa6 17. b3 f6 18. Nf5 Bxf5 19. exf5 Rhg8 20.
Rxh5 Rg7 21. Bf3 Rdg8 22. Rh3 b6 23. Rc1 Nb7 24. a4 Nd8 25. Ke2 Qb7 26. b4 Qd7 27.
a5 Nf7 28. axb6 axb6 29. bxc5 dxc5 30. Rb1 Kc7 31. Bc3 Bxc3 32. Nxc3 Nd6 33. Nb5+ Nxb5 34. cxb5 Ra8 35. d6+ exd6 36. Bxa8 Re7+ 37. Kd2 Nf2 38.
Qf3 Nxh3 39. Qb7+ Kd8 40. Qb8+ Qc8 41. Qxb6+ Qc7 42. Qxc7+ Kxc7 43. b6+ Kb8 44. Bd5 Nf2 45. Ra1 Ne4+ 46. Kc2 Rb7 47. Re1 Rxb6 48. Rxe4 Ra6 49. Re8+ Kc7 50. Re7+ Kd8 51. Rxh7 Ra3 52. g4 Ra4 53. g5 Rxf4 54. g6 1-0

[Event "*** Titled Tuesday Blitz"]
[Site "Chess.com"]
[Date "2019.08.06"]
[Round "7"]
[White "ChessQueen"]
[Black "GelmanAlexander"]
[Result "0-1"]
[WhiteElo "2627"]
[BlackElo "2570"]
[TimeControl "180+2"]
[EndTime "14:38:13 PDT"]
[Termination "GelmanAlexander won by resignation"]

1. e4 c5 2. c3 e6 3. d4 d5 4. exd5 exd5 5. Nf3 Nc6 6. Bb5 Nf6 7. O-O Be7 8. dxc5 Bxc5 9. Re1+ Be6 10. Nbd2 O-O 11. Nb3 Bd6 12. h3 h6 13. Nbd4 Bd7 14. Bd3 a6 15. Bc2 Qc7 16. Nf5 Bxf5 17. Bxf5 Rfe8 18. Be3 Re7 19. Qb3 Rae8 20. Bb6 Rxe1+ 21. Rxe1 Rxe1+ 22. Nxe1 Qe7 23. Qd1 Qe5 24. Bc2 Qh2+ 25. Kf1 Ne5 26. b3 Ned7 27. Be3 Nc5 28. Bxc5 Bxc5 29. Qf3 Qe5 30. Qf5 Qe8 31. Nf3 Bf8 32. Nd4 Qe7 33.
Qd3 Qa3 34. g4 Qxa2 35. h4 g6 36. f3 Qa1+ 37. Kg2 Qe1 38. g5 hxg5 39. hxg5 Nh5 40. Ne2 Bc5 41. Qd1 Qf2+ 42. Kh1 Qxf3+ 43. Kh2 Bd6+ 44. Kg1 Bc5+ 45. Kh2 Qf2+ 46. Kh1 Bd6 0-1

[Event "*** Titled Tuesday Blitz"]
[Site "Chess.com"]
[Date "2019.08.06"]
[Round "7"]
[White "chickencrossroad"]
[Black "norwaytoadog"]
[Result "1-0"]
[WhiteElo "2484"]
[BlackElo "2236"]
[TimeControl "180+2"]
[EndTime "14:38:13 PDT"]
[Termination "chickencrossroad won by checkmate"]

1. d4 Nf6 2. c4 e6 3. Nf3 Bb4+ 4. Nbd2 O-O 5. g3 b6 6. Bg2 Bb7 7. O-O Bxd2 8. Bxd2 d6 9. Rc1 Nbd7 10. Bc3 Qe7 11. b4 Ne4 12. Bb2 c5 13. a3 a5 14.
Qb3 a4 15. Qd3 f5 16. Rfd1 cxb4 17. axb4 Rfc8 18. d5 e5 19. Nd2 Nxd2 20. Rxd2 Qg5 21. h4 Qh6 22. e3 Rf8 23. Bh3 g6 24. f4 Nf6 25. fxe5 Ne4 26. e6 a3 27. Ba1 Nxd2 28.
Qxd2 g5 29. Qd4 Rf6 30. Qxf6 Qxf6 31. Bxf6 g4 32. Bf1 b5 33. Kf2 a2 34. Ba1 bxc4 35. Bxc4 Kf8 36. Rc2 Ke7 37. Rxa2 Rc8 38. Bb3 Rc1 39. Ra7 Rb1 40. Rxb7+ Kd8 41. Bf6+ Kc8 42. e7 Kxb7 43. e8=Q Rxb3 44. Qc6+ Ka7 45. Qa4+ Kb6 46.
Qxb3 Kb5 47. Qc3 h5 48. Be7 f4 49. exf4 Ka4 50. f5 Kb5 51. f6 Kb6 52. f7 Kb7 53.
f8=Q Kb6 54. Qb8+ Ka6 55. Qa3# 1-0

[Event "*** Titled Tuesday Blitz"]
[Site "Chess.com"]
[Date "2019.08.06"]
[Round "7"]
[White "slowdgehammer"]
[Black "daro94"]
[Result "1/2-1/2"]
[WhiteElo "2453"]
[BlackElo "2679"]
[TimeControl "180+2"]
[EndTime "14:38:19 PDT"]
[Termination "Game drawn by repetition"]

1. Nf3 g6 2. c4 Bg7 3. Nc3 d6 4.
g3 Nf6 5. Bg2 O-O 6. d4 c6 7.
O-O Bf5 8. Nh4 Be6 9. f4 Bxc4 10.
Re1 d5 11. b3 Ba6 12. e3 e6 13. Nf3 Nbd7 14. Ne5 Rc8 15. b4 Nxe5 16. fxe5 Nd7 17. e4 Qb6 18. Be3 Qxb4 19. Qd2 Rfd8 20. Rab1 Qa3 21.
Bg5 Re8 22. Re3 Qf8 23. Rf3 Nb6 24. Qf4 Bc4 25. h4 c5 26. exd5 Nxd5 27. Nxd5 Bxd5 28. Rf2 Bxg2 29. Kxg2 cxd4 30. Rxb7 h6 31. Bf6 Qc5 32.
Bxg7 Qd5+ 33. Qf3 Qxf3+ 34. Rxf3 Rc2+ 35. Kh3 Kxg7 36. Rfxf7+ Kg8 37. Rh7 d3 38. Rhg7+ Kh8 39. Rxg6 d2 40. Rxh6+ Kg8 41. Rg6+ Kh8 42. Rd7 Rxa2 43.
Rh6+ Kg8 44. Rg6+ Kh8 45. h5 Rf8 46. h6 Rf1 47. Rgg7 Rh1+ 48. Kg4 d1=Q+ 49. Rxd1 Rxd1 50. Kg5 Rf1 51. g4 Rf8 52. Kg6 Re2 53. Rh7+ Kg8 54. Rg7+ Kh8 55. Rh7+ Kg8 56. Rg7+ Kh8 1/2-1/2

[Event "*** Titled Tuesday Blitz"]
[Site "Chess.com"]
[Date "2019.08.06"]
[Round "7"]
[White "Nancy11111"]
[Black "leclash"]
[Result "0-1"]
[WhiteElo "2309"]
[BlackElo "2214"]
[TimeControl "180+2"]
[EndTime "14:38:25 PDT"]
[Termination "leclash won by checkmate"]

1. d4 d5 2. Nf3 Nf6 3. c4 c6 4. g3 e6 5. Bg2 dxc4 6. O-O b5 7. Ne5 Nd5 8. a4 Bb7 9. e4 Ne7 10. b3 cxb3 11. Bb2 Nd7 12. Nd3 a6 13. Qxb3 Rc8 14.
Nc5 Nxc5 15. dxc5 Ng6 16. Na3 e5 17. Rac1 Qa5 18. Nc4 Qxa4 19. Qxa4 bxa4 20. Nb6 Rd8 21. Ba3 Be7 22. Nxa4 O-O 23. Rb1 Bc8 24. Rb6 Be6 25. Rxc6 Bc4 26. Rc1 Bb5 27. Rc7 Bxa4 28. Ra7 Rd1+ 29.
Rxd1 Bxd1 30. Rxa6 Be2 31. Ra7 Rc8 32. Ra5 Nf8 33. f3 Ne6 34. Kf2 Bc4 35. Ra4 Bb3 36.
Ra7 Bxc5+ 37. Bxc5 Nxc5 38. g4 Ne6 39. h4 h6 40. Bh3 Nf4 41. Bf1 Rc2+ 42. Kg3 Bc4 43. Rc7 Bd3 44. Rxc2 Bxc2 45. g5 h5 46. Bc4 Kf8 47. Bb5 Ke7 48. Bc4 Bd3 49. Bb3 f6 50. gxf6+ gxf6 51. Ba2 Kd6 52. Bb3 Kc5 53. Bf7 Kd4 54.
Bxh5 Nxh5+ 55. Kg4 Nf4 56. Kf5 Be2 57. Kxf6 Bxf3 58.
Kf5 Bxe4+ 59. Kg5 Bg6 60. Kg4 Bh5+ 61. Kg5 Bf3 62. Kf5 Nh5 63. Kg5 e4 64. Kg6 e3 65.
Kh6 e2 66. Kg5 e1=Q 67. Kh6 Qe3+ 68. Kg6 Qe6+ 69. Kg5 Qf6# 0-1

[Event "*** Titled Tuesday Blitz"]
[Site "Chess.com"]
[Date "2019.08.06"]
[Round "7"]
[White "AntonSmirnov"]
[Black "Genghis_K"]
[Result "1-0"]
[WhiteElo "2882"]
[BlackElo "2878"]
[TimeControl "180+2"]
[EndTime "14:38:29 PDT"]
[Termination "AntonSmirnov won by checkmate"]

1. e4 c5 2. Nf3 Nc6 3. Nc3 Nf6 4. d4 cxd4 5. Nxd4 e5 6. Ndb5 d6 7. Bg5 a6 8. Na3 b5 9. Nd5 Be7 10. Bxf6 Bxf6 11. c4 b4 12. Nc2 O-O 13. h4 Be6 14. g3 g6 15. Bg2 Bg7 16. O-O a5 17. Qd2 Rc8 18. b3 f5 19. exf5 gxf5 20. Rad1 Kh8 21. Rfe1 e4 22. Nf4 Bg8 23. Qxd6 Ne5 24. Ne3 Nd3 25. Qa6 Qc7 26. Nxd3 exd3 27. Rxd3 f4 28. Nd5 Bxd5 29. Bxd5 fxg3 30. fxg3 Qc5+ 31. Kh1 Rce8 32. Rxe8 Rxe8 33. Qc6 Re1+ 34. Kh2 Qf2+ 35. Bg2 Qf8 36. Qc7 Re7 37. Qxa5 Re8 38. Rd2 Be5 39. Rd3 Qe7 40. Kh1 Rg8 41. Qd5 Bxg3 42. Qd4+ Be5 43. Qe4 Qg7 44.
c5 Bc7 45. Qd4 Be5 46. Qe4 Bc7 47. Rd1 Qg3 48. Kg1 Qh2+ 49. Kf1 Rf8+ 50. Ke2 Qg3 51. Rd7 Rf2+ 52. Kd1 Be5 53. Qxh7# 1-0

[Event "*** Titled Tuesday Blitz"]
[Site "Chess.com"]
[Date "2019.08.06"]
[Round "7"]
[White "MFBerna"]
[Black "julinha97"]
[Result "1-0"]
[WhiteElo "2382"]
[BlackElo "2227"]
[TimeControl "180+2"]
[EndTime "14:38:29 PDT"]
[Termination "MFBerna won by resignation"]

1. e4 c5 2. Nf3 d6 3. d4 cxd4 4.
Nxd4 Nf6 5. Nc3 g6 6. Bc4 Bg7 7.
O-O O-O 8. Re1 Nc6 9. Nb3 Ne5 10. Bf1 a5 11. a4 Be6 12. Nd4 Bc4 13. Bxc4 Nxc4 14. b3 Ne5 15. Ndb5 Rc8 16. Bg5 Nc6 17. Rc1 Nb4 18. Qd2 Nd7 19. Nd5 Nxd5 20. exd5 f6 21. Be3 f5 22. Bg5 Bf6 23. Nd4 Nc5 24. Ne6 Nxe6 25.
Rxe6 Rc5 26. c4 Qb6 27. Bxf6 exf6 28. Re7 Rc7 29. Rxc7 Qxc7 30. Re1 Kg7 31. h4 Rf7 32.
Re6 Re7 33. Rxe7+ Qxe7 34. Qxa5 Qe4 35. Qc7+ Kh6 36. Qxd6 Qe1+ 37. Kh2 Qxf2 38. Qg3 Qd4 39. Qf3 Kg7 40. Kh3 f4 41. Kh2 b6 42. Qg4 f5 43.
Qf3 h6 44. Qe2 g5 45. Qe7+ Kg6 46. Qe8+ Kg7 47. h5 f3 48. Qg6+ Kf8 49. Qxh6+ Kf7 50. Qg6+ Ke7 51. Qxg5+ Kd7 52. Qxf5+ Kd6 53. Qxf3 Qh4+ 54.
Qh3 Qe1 55. Qg3+ 1-0